 Dungeon Crawl Stone Soup version 0.26.1-11-gd32895ea62 (webtiles) character file.

Game seed: 12724457432643789005

122 H0rd4k the Insei (level 5, 0/33 HPs)
             Began as an Octopode Transmuter on May 3, 2021.
             Succumbed to a worker ant's poison
             ... on level 4 of the Dungeon.
             The game lasted 00:02:54 (3172 turns).

H0rd4k the Insei (Octopode Transmuter)              Turns: 3172, Time: 00:02:55

Health: 0/33       AC:  1    Str:  9    XL:     5   Next: 6%
Magic:  5/8        EV: 13    Int: 17    God:
Gold:   119        SH:  0    Dex: 12    Spells: 4/8 levels left

rFire    . . .     SeeInvis .     - Unarmed
rCold    . . .     Faith    .   (no shield)
rNeg     . . .     Spirit   .   (helmet restricted)
rPois    .         Reflect  .   (no amulet)
rElec    .         Harm     .   (no ring)
rCorr    .         Rampage  .   (no ring)
Will     .....                  (no ring)
Stlth    +++.......             (no ring)
HPRegen  0.11/turn              (no ring)
MPRegen  0.11/turn              (no ring)
                                (no ring)
                                (no ring)

@: mighty, lethally poisoned (0 -> -9), attractive, flying, hasted, invisible,
very quick
A: almost no armour, stealthy swim, amphibious, 8 rings, constrict 8, camouflage
1, gelatinous body 1
a: no special abilities


You were on level 4 of the Dungeon.
You visited 1 branch of the dungeon, and saw 4 of its levels.

You collected 119 gold pieces.

Inventory:

Missiles
 a - a poisoned dart (quivered)
Wands
 l - a wand of digging (3)
Scrolls
 b - 2 scrolls of amnesia {unknown}
 d - 2 scrolls of identify {unknown}
 e - a scroll of fear {unknown}
 g - 2 scrolls of blinking {unknown}
 k - 2 scrolls of teleportation {unknown}
Potions
 c - a potion of attraction
 f - a potion of flight
 i - a potion of might


   Skills:
 + Level 1.1 Fighting
 + Level 0.1 Throwing
 + Level 2.3 Dodging
 + Level 2.3 Stealth
 + Level 4.2 Unarmed Combat
 + Level 2.2 Spellcasting
 * Level 2.4 Transmutations
 * Level 1.7 Poison Magic


You had 4 spell levels left.
You knew the following spells:

 Your Spells              Type           Power        Failure   Level
a - Beastly Appendage     Tmut           20%          7%          1
b - Spider Form           Tmut/Pois      4%           24%         3

Your spell library contained the following spells:

 Spells                   Type           Power        Failure   Level
 Wereblood                Tmut           10%          11%         2
 Ice Form                 Ice/Tmut       6%           75%         4
 Blade Hands              Tmut           5%           88%         5


Dungeon Overview and Level Annotations

Branches:
Dungeon (4/15)
 Temple: D:4-7

Altars:
Ashenzari

Annotations:
D:2 exclusion: 2 downstairs
D:4 Edmund


Innate Abilities, Weirdness & Mutations

You cannot wear most types of armour.
You are very stealthy in the water. (Stealth+)
You are amphibious.
You can wear up to eight rings at the same time.
You can use your tentacles to constrict eight enemies at once.
Your skin changes colour to match your surroundings (Stealth+).
Your rubbery body absorbs attacks. (AC +1, EV +1)


Message History

It was a potion of attraction.
You feel attractive to monsters.
* * * LOW HITPOINT WARNING * * *
You feel sick.
It was a potion of might.
You feel very mighty all of a sudden.
* * * LOW HITPOINT WARNING * * *
You feel sick.
It was a potion of flight.
You feel very buoyant.
You fly up into the air.
* * * LOW HITPOINT WARNING * * *
You feel sick.
It was a potion of haste.
You feel yourself speed up.
Your transformation has ended.
* * * LOW HITPOINT WARNING * * *
You feel sick.
It was a potion of invisibility.
You fade into invisibility!
You die...

###### #....### #######
#....#.. .(..... #....#.#
....... #....#.# .......
#....#.#
.......##############....#.#
.......'...@.............#.#
.......##########..........#
....... #..........# ###....
#.....†....# #....
#..........# #....
########+#.# #.... #...#
##### ##†.# #..#


There were no monsters in sight!

Vanquished Creatures
  A worker ant (D:4)
  4 adders
  A worm (D:2)
  A dart slug (D:3)
  2 leopard geckos
  An orc (D:2)
  3 giant cockroaches
  A goblin (D:1)
  10 hobgoblins
  5 jackals
  5 kobolds
  A quokka (D:4)
  10 bats
  3 frilled lizards
  6 rats
54 creatures vanquished.

Notes
Turn   | Place    | Note
-------+----------+-------------------------------------------
     0 | D:1      | H0rd4k the Octopode Transmuter began the quest for the Orb.
     0 | D:1      | Reached XP level 1. HP: 13/13 MP: 3/3
   102 | D:1      | Reached XP level 2. HP: 18/18 MP: 5/5
   783 | D:1      | Reached skill level 1 in Stealth
   890 | D:1      | Reached XP level 3. HP: 20/23 MP: 6/6
  1069 | D:1      | Learned a level 3 spell: Spider Form
  1083 | D:2      | Found a broken altar of Ashenzari.
  1862 | D:2      | Reached skill level 4 in Unarmed Combat
  1862 | D:2      | Reached XP level 4. HP: 16/28 MP: 3/7
  2439 | D:3      | Noticed an orc warrior
  2543 | D:2      | Reached skill level 1 in Poison Magic
  2864 | D:4      | Noticed Edmund
  3166 | D:4      | Reached XP level 5. HP: 6/33 MP: 4/8
  3171 | D:4      | HP: 1/33 [poisoned by a worker ant]
  3172 | D:4      | Succumbed to a worker ant's poison

Illustrated notes

Levels and vault maps discovered:
D:1:      heliophobic_arrival_henge, layout_loops_corners,
          minmay_misc_feat_plants
D:2:      layout_basic, evilmike_ruin_ashenzari
D:3:      layout_basic, nzn_hepliaklqana_mist_gate
D:4:      layout_basic, uniq_edmund

Skill      XL: |  1  2  3  4 |
---------------+-------------+-----
Stealth        | 1 2 |  2.3
Unarmed Combat | 4 |  4.2
Poison Magic   | 1 |  1.7
Fighting       | |  1.1
Throwing       | |  0.1
Dodging        | |  2.3
Spellcasting   | |  2.2
Transmutations | |  2.4

Action                   |  1- 3 |  4- 6 || total
-------------------------+-------+-------++-------
Melee: Unarmed           |    79 |    54 ||   133
       Constrict         |    18 |    13 ||    31
       Tentacles         |    10 |     4 ||    14
       Punch             |     2 |     1 ||     3
       Kick              |       |     4 ||     4
Throw: Dart              |     2 |     2 ||     4
 Cast: Spider Form       |     1 |     1 ||     2
       Beastly Appendage |       |     2 ||     2
  Use: Potion            |       |     5 ||     5
 Stab: Sleeping          |     8 |     4 ||    12
Armor: Skin              |     5 |     3 ||     8
Dodge: Dodged            |    45 |    46 ||    91
